 Dungeon Crawl Stone Soup version 0.31-a0-200-gbc41564c69 (webtiles) character file.

Game seed: 14110628320990666377

183 qw the Skirmisher (level 5, -3/29 HPs)
             Began as a Deep Elf Hunter on June 25, 2023.
             Slain by an ogre
             ... wielding a +0 giant club
              (32 damage)
             ... on level 4 of the Dungeon.
             The game lasted 00:00:57 (2403 turns).

qw the Skirmisher (Deep Elf Hunter)                 Turns: 2403, Time: 00:00:58

Health: -3/29      AC:  9    Str:  9    XL:     5   Next: 35%
Magic:  7/7        EV: 11    Int: 13    God:
Gold:   97         SH:  5    Dex: 22    Spells: 4/4 levels left

rFire   . . .        Y - +0 shortbow
rCold   + . .        (shield currently unavailable)
rNeg    . . .        d - +1 ring mail
rPois   .            (no helmet)
rElec   .            (no cloak)
rCorr   +            (no gloves)
SInv    .            b - +2 pair of boots
Will    .....        h - amulet of reflection
Stlth   ++           g - ring of resist corrosion
HPRegen 0.24/turn    (no ring)
MPRegen 0.10/turn

%: reflection
@: no status effects
A: agile 1, cold resistance 1, wild magic 1
a: no special abilities


You were on level 4 of the Dungeon.
You visited 2 branches of the dungeon, and saw 5 of its levels.

You collected 178 gold pieces.
You spent 81 gold pieces at shops.


Innate Abilities, Weirdness & Mutations

You are agile. (Dex +4, Str/Int -1)
Your flesh is cold resistant. (rC+)
Your spells are a little harder to cast, but a little more powerful.


   Skills:
 - Level 1.5 Fighting
 + Level 8.9 Ranged Weapons
 - Level 2.4 Dodging
 - Level 1.2 Stealth


You had 4 spell levels left.
You didn't know any spells.
Your spell library was empty.

Inventory:

Hand Weapons
 Y - a +0 shortbow (weapon)
Armour
 b - a +2 pair of boots (worn)
 d - a +1 ring mail (worn)
Jewellery
 g - a ring of resist corrosion (left hand)
 h - an amulet of reflection (around neck)
Scrolls
 a - a scroll of identify
 i - a scroll of teleportation
Potions
 c - a potion of lignification {unknown}
 e - a potion of cancellation {unknown}
 f - a potion of haste {unknown}
 j - 3 potions of curing
 k - a potion of resistance
 l - a potion of mutation

Dungeon Overview and Level Annotations

Branches:
Dungeon (4/15)             Temple (1/1) D:4

Altars:
Cheibriados
Elyvilon
Fedhas
Gozag
Hepliaklqana
Kikubaaqudgha
Makhleb
Nemelex Xobeh
Qazlal
Trog
Vehumet
Wu Jian
Yredelemnul
The Shining One

Shops:
D:3 *


Message History

You shoot an arrow.
The arrow hits the kobold but does no damage.
You block the kobold's attack.
You shoot an arrow. The arrow hits the kobold.
You kill the kobold!
An adder comes into view.
Enter note:
Enter note:
Enter note: You shoot an arrow.
The arrow hits the adder.
The adder is severely wounded.
You shoot an arrow. The arrow barely misses the adder.
You shoot an arrow. The arrow hits the adder!
You kill the adder!
Found a trident.
Enter note:
Enter note:
Enter note:
Enter note:
Enter note:
Enter note: An ogre comes into view. It is wielding a +0 giant club.
Enter note:
Enter note:
Enter note:
Enter note:
Enter note:
Enter note: You shoot an arrow.
The arrow hits the ogre.
The ogre is lightly wounded.
You shoot an arrow.
The arrow hits the ogre but does no damage.
The ogre is lightly wounded.
You shoot an arrow. The arrow hits the ogre!
The ogre is heavily wounded.
You shoot an arrow. The arrow hits the ogre.
The ogre is severely wounded.
The ogre hits you with a +0 giant club!!
Ouch! That really hurt!
You die...

... ### ... ..#
#.. ... ... #.#
#.# #.# #.# #.#
#.# #.# #.# #.# #
#%# #.# #.# .
####.#####.###.#..
#@.............#..
#O##....######.)..
#.#####.# #.#..
#.# #.# ##.#.. #)#
#.# #.## . #.. #.#
##.### ### #.#
#..#. #.# #.#.#
#.######...#


You could see an ogre.

Vanquished Creatures
  An iguana (D:4)
  A gnoll (D:1)
  9 adders
  2 worms (D:2)
  2 dart slugs
  An orc (D:3)
  6 bats
  6 endoplasms
  5 giant cockroaches
  3 goblins
  5 hobgoblins
  3 quokkas
  5 ball pythons
  2 frilled lizards (D:2)
  3 kobolds
  5 rats
59 creatures vanquished.

Notes
Turn   | Place    | Note
-------+----------+-------------------------------------------
     0 | D:1      | qw the Deep Elf Hunter began the quest for the Orb.
     0 | D:1      | Reached XP level 1. HP: 12/12 MP: 3/3
     0 | D:1      | 0 ||| qw: Version: 0.3-a-22-g0ed2b0b
     0 | D:1      | 0 ||| qw: Game counter: 5557
     0 | D:1      | 0 ||| qw: Melee chars always use a shield: true
     0 | D:1      | 0 ||| qw: God list: Okawaru
     0 | D:1      | 0 ||| qw: Allow faded altars: false
     0 | D:1      | 0 ||| qw: Do Orc after clearing Dungeon:15 true
     0 | D:1      | 0 ||| qw: Do second Lair branch before Depths: true
     0 | D:1      | 0 ||| qw: Lair rune preference: random
     0 | D:1      | 0 ||| qw: Goals: Normal
     0 | D:1      | 0 ||| PLANNING D:1-11
   109 | D:1      | Reached XP level 2. HP: 14/16 MP: 4/4
   125 | D:1      | Reached skill level 6 in Ranged Weapons
   455 | D:1      | Reached XP level 3. HP: 20/20 MP: 5/5
   603 | D:1      | 603 ||| UPGRADING to +0 ring mail.
   613 | D:1      | 613 ||| DROPPING +0 leather armour.
   614 | D:1      | 614 ||| READING 2 scrolls labelled ZAOPRO WOIFOF.
   615 | D:1      | 615 ||| READING scroll labelled BYNACI ANUR.
   616 | D:1      | 616 ||| READING scroll labelled OKOFARCHIRCH.
   617 | D:1      | 617 ||| READING scroll labelled SAUSE KOIJEYT.
   618 | D:1      | 618 ||| READING scroll labelled MUSAUF BECRIO.
   623 | D:1      | 623 ||| READING scroll labelled KIUMUT JAYLAR.
   624 | D:1      | 624 ||| DROPPING scroll of butterflies.
   655 | D:2      | 655 ||| STAIRDANCE
   695 | D:2      | Found a blossoming altar of Fedhas.
   798 | D:2      | Reached skill level 7 in Ranged Weapons
  1155 | D:2      | 1155 ||| UPGRADING to ring of resist corrosion.
  1156 | D:2      | 1156 ||| READING scroll labelled UTAHICKEQIG.
  1157 | D:2      | 1157 ||| READING scroll labelled FEBBYL CIOSHRO.
  1158 | D:2      | 1158 ||| DRINKING 2 fizzy black potions.
  1159 | D:2      | 1159 ||| DROPPING potion of magic.
  1197 | D:3      | Reached XP level 4. HP: 24/25 MP: 6/6
  1224 | D:3      | 1224 ||| READING scroll of enchant armour.
  1224 | D:3      | 1224 ||| ENCHANTING +0 ring mail.
  1231 | D:3      | Found a blossoming altar of Fedhas.
  1231 | D:3      | Found an opulent altar of Gozag.
  1498 | D:3      | Reached skill level 8 in Ranged Weapons
  1620 | D:3      | Found Entuwum's Assorted Antiques.
  1731 | D:3      | 1731 ||| BUYING 2 emerald potions (54 gold).
  1731 | D:3      | Bought 2 emerald potions for 54 gold pieces
  1731 | D:3      | 1731 ||| SHOPLISTING glowing robe (111 gold, have 84).
  1731 | D:3      | 1731 ||| BUYING green potion (27 gold).
  1731 | D:3      | Bought a green potion for 27 gold pieces
  1731 | D:3      | 1731 ||| SHOPLISTING iron wand (120 gold, have 57).
  1731 | D:3      | 1731 ||| SHOPLISTING scroll of identify (60 gold, have 57).
  1731 | D:3      | 1731 ||| SHOPLISTING silver wand (120 gold, have 57).
  1935 | D:3      | 1935 ||| DROPPING ring of magical power.
  1936 | D:3      | 1936 ||| READING scroll labelled WETHAGA PYXU.
  1937 | D:3      | 1937 ||| DRINKING 4 black potions.
  1938 | D:3      | 1938 ||| DRINKING 2 emerald potions.
  1988 | D:4      | Reached XP level 5. HP: 29/29 MP: 7/7
  2100 | D:4      | Found a sparkling altar of Nemelex Xobeh.
  2203 | D:4      | Found a staircase to the Ecumenical Temple.
  2204 | D:4      | 2204 ||| PLANNING TEMPLE
  2204 | D:4      | 2204 ||| UPGRADING to +2 pair of boots.
  2209 | D:4      | 2209 ||| UPGRADING to amulet of reflection.
  2214 | D:4      | 2214 ||| DRINKING 2 green potions.
  2214 | D:4      | Gained mutation: You are agile. (Dex +4, Str/Int -1)
                  | [potion of mutation]
  2214 | D:4      | Gained mutation: Your spells are a little harder to cast,
                  | but a little more powerful. [potion of mutation]
  2214 | D:4      | Gained mutation: Your flesh is cold resistant. (rC+)
                  | [potion of mutation]
  2222 | Temple   | Entered the Ecumenical Temple
  2317 | Temple   | 2317 ||| PLANNING D:1-11
  2362 | D:4      | Found a radiant altar of Vehumet.
  2399 | D:4      | Noticed an ogre
  2403 | D:4      | Slain by an ogre

Levels and vault maps discovered:
D:1:      heliophobic_arrival_glass_houses, layout_basic,
          nicolae_figureground_pulse
D:2:      layout_rooms, basic_altar, chequers_serial_rivers_micro_a
D:3:      layout_rooms, gammafunk_temple_overflow_wave, serial_shops,
          nicolae_shop_window_shopping, dk_noncrumbling_3,
          nicolae_figureground_sparkle
D:4:      layout_loops_ring, nicolae_vehumet_altar_sigil, marbit_many_paths,
          lemuel_crystal_altar, minmay_temple_entry_butterflies
Temple:   hellmonk_temple_beads

Skill      XL: |  1  2  3  4 |
---------------+-------------+-----
Ranged Weapons | 6 7 8 |  8.9
Fighting       | |  1.5
Dodging        | |  2.4
Stealth        | |  1.2

Action                     |  1- 3 |  4- 6 || total
---------------------------+-------+-------++-------
   Fire: Shortbow          |   120 |    86 ||   206
    Use: Scroll            |     8 |     2 ||    10
         Potion            |     1 |     3 ||     4
 Armour: Leather armour    |     6 |       ||     6
         Ring mail         |    16 |    16 ||    32
  Dodge: Dodged            |    34 |    20 ||    54
  Block: Other             |       |     2 ||     2

Table legend:
 A = Non-vault XP
 B = Vault XP
 C = Vault XP percentage of total XP
 D = Non-vault monster count
 E = Vault monster count
 F = Vault count percentage of total count
                 A         B        C        D         E       F
            +---------+---------+-------+---------+---------+-------
      Total |     262 |       0 |   0.0 |      59 |       0 |   0.0
            +---------+---------+-------+---------+---------+-------
        D:1 |      51 |       0 |   0.0 |      21 |       0 |   0.0
        D:2 |      42 |       0 |   0.0 |      14 |       0 |   0.0
        D:3 |      78 |       0 |   0.0 |      17 |       0 |   0.0
        D:4 |      91 |       0 |   0.0 |       7 |       0 |   0.0
            +---------+---------+-------+---------+---------+-------
